 Dungeon Crawl Stone Soup version 0.31.0-4-g52a2dc7128 (webtiles) character file.

Game seed: 14186127657738887571

1151 Gottschkopf the Fighter (level 8, 0/75 HPs)
             Began as a Grey Draconian Shapeshifter on Jan 21, 2024.
             Was a Follower of Cheibriados.
             Slain by a phantom (7 damage)
             ... on level 6 of the Dungeon.
             The game lasted 00:21:14 (5318 turns).

Gottschkopf the Fighter (DrSh)                      Turns: 5318, Time: 00:21:15

Health: 0/75       AC:  3    Str: 19    XL:     8   Next: 15%
Magic:  8/8        EV: 18    Int: 13    God:    Cheibriados [*.....]
Gold:   178        SH:  0    Dex: 14    Spells: 7/7 levels left

rFire   + .          .
                       - Unarmed
rCold   x . .        (no shield)
rNeg    . . .        (body armour unavailable)
rPois   .            (helmet currently unavailable)
rElec   .            (cloak currently unavailable)
rCorr   .            y - melded +0 pair of gloves "Tiwoebb" {MP+9 Dex+3 SInv}
SInv    .            (boots currently unavailable)
Will    .....        m - amulet of regeneration
Stlth   +            g - ring of fire
HPRegen 1.12/turn    u - +5 ring of evasion
MPRegen 0.11/turn

%: no passive effects
@: beast-form, corroded, very slow
A: beast (slay +2), AC +11, amphibious, unfitting armour, cold-blooded
a: Begin Untransformation, Renounce Religion, Bend Time


You were on level 6 of the Dungeon.
You worshipped Cheibriados.
Cheibriados was aware of your devotion.
You were a hulking beast.
You visited 2 branches of the dungeon, and saw 7 of its levels.
You also visited: Ossuary.

You collected 358 gold pieces.
You spent 180 gold pieces at shops.

Inventory:

Hand Weapons
 p - the +9 shortbow "Boupn" {elec, Str+4}
   (You found it on level 3 of the Dungeon)

   Str+4:     It affects your strength (+4).
Armour
 y - the +0 pair of gloves "Tiwoebb" (melded) {MP+9 Dex+3 SInv}
   (You bought it in a shop on level 3 of the Dungeon)

   Dex+3:     It affects your dexterity (+3).
   MP+9:      It affects your magic capacity (+9).
   SInv:      It lets you see invisible.
Jewellery
 g - a ring of fire (left hand)
 m - an amulet of regeneration (around neck)
 u - a +5 ring of evasion (right hand)
Talismans
 b - a beast talisman (active)
 c - a flux talisman
Scrolls
 h - a scroll of poison {unknown}
 i - 3 scrolls of immolation {unknown}
 j - 11 scrolls of identify {unknown}
 o - 2 scrolls of torment {unknown}
 q - 2 scrolls of fear {unknown}
 t - a scroll of enchant armour {unknown}
 v - 3 scrolls of blinking {unknown}
 A - 2 scrolls of acquirement {unknown}
 B - a scroll of revelation {unknown}
 C - 3 scrolls of amnesia {unknown}
 D - 2 scrolls of teleportation {unknown}
 E - a scroll of noise {unknown}
Potions
 a - 4 potions of lignification
 d - 2 potions of haste {unknown}
 e - 2 potions of degeneration {unknown}
 f - a potion of berserk rage {unknown}
 k - 2 potions of enlightenment {unknown}
 l - a potion of cancellation {unknown}
 n - 4 potions of curing {unknown}
 r - a potion of magic {unknown}
 s - 2 potions of ambrosia {unknown}
 w - a potion of mutation {unknown}
 x - a potion of resistance {unknown}
 z - 2 potions of brilliance {unknown}


   Skills:
 * Level 8.5 Fighting
 - Level 2.9 Dodging
 + Level 4.6 Unarmed Combat
 + Level 4.4 Shapeshifting


You had 7 spell levels left.
You didn't know any spells.
Your spell library contained the following spells:

 Spells                   Type           Power      Damage    Failure   Level
 Shock                    Conj/Air       0%         1d3       30%         1
 Gell's Gravitas          Tloc           0%         N/A       67%         3
 Inner Flame              Hex/Fire       0%         N/A       67%         3
 Swiftness                Air            0%         N/A       67%         3
 Teleport Other           Tloc           0%         N/A       67%         3
 Airstrike                Air            0%         2d(0-16)  97%         4
 Irradiate                Conj/Alch      0%         3d11      100%        5
 Dispersal                Tloc           0%         N/A       100%        6
 Ignition                 Fire           0%         3d3       100%        8


Dungeon Overview and Level Annotations

Branches:
Dungeon (6/15)             Temple (1/1) D:4         Ossuary (visited)

Altars:
Ashenzari
Cheibriados
Hepliaklqana
Kikubaaqudgha
Makhleb
Qazlal
Ru
Sif Muna
Trog
Vehumet
Wu Jian
Xom
Yredelemnul

Shops:
D:3 [


Innate Abilities, Weirdness & Mutations

You are a hulking beast.
Your limbs bulge with bestial killing power. (Slay +2)
Your dull iron-grey scales are very hard. (AC +11)
You are amphibious.
You cannot fit into any form of body armour.
You are cold-blooded and may be slowed by cold attacks.


Message History

The acid dragon spits acid at you. The splash of acid hits you!!
* * * LOW HITPOINT WARNING * * *
You hit the acid dragon but do no damage.
The acid dragon is severely wounded.
The acid dragon misses you. The acid dragon closely misses you.
You punch the acid dragon!
The acid dragon is almost dead.
The acid dragon bites you!
* * * LOW HITPOINT WARNING * * *
The acid dragon closely misses you.
You hit the acid dragon but do no damage.
The acid dragon is almost dead.
The acid dragon bites you.
* * * LOW HITPOINT WARNING * * *
The acid dragon misses you.
You hit the acid dragon.
Your tail-slap misses the acid dragon.
Your punch misses the acid dragon.
The acid dragon is almost dead.
You closely miss the acid dragon.
You tail-slap the acid dragon, but do no damage.
The acid dragon is almost dead.
A phantom comes into view.
The acid dragon misses you. The acid dragon claws you.
* * * LOW HITPOINT WARNING * * *
You hit the acid dragon.
You kill the acid dragon!
Cheibriados appreciates the change of pace.
You hit the phantom but do no damage. The phantom hits you.
* * * LOW HITPOINT WARNING * * *
The phantom blinks!
You blink.
You hit the phantom.
The phantom is lightly damaged.
The phantom hits you.
* * * LOW HITPOINT WARNING * * *
The phantom blinks!
You blink.
You barely miss the phantom.
The phantom is lightly damaged.
The phantom hits you!
You die...

#######....#.#
.............#
#######....###
#....######
#.######§........#
..............§..#
#.#####.###...§..# #.#
#......# #### #.#
#...h..# ...# #.#
#..W...# ...######.#
#......# ........#.#
##.......
...####.#.####........
†..#
#.#....#..........
...##
#.####.#..........
....# #.#
#.#.......... ###.#
#.# #.#


You could see a phantom.

Vanquished Creatures
  Eustachio (D:4)
  An acid dragon (D:6)
  A black bear (D:4)
  A kobold brigand (D:6)
  An elf zombie (Ossuary)
  A scorpion (D:5)
  A hound (D:4)
  A human zombie (Ossuary)
  A bombardier beetle (D:5)
  A jelly (D:4)
  2 orc priests (D:5)
  A sleepcap (D:4)
  2 iguanas (D:6)
  An orc wizard (D:5)
  4 mummies (Ossuary)
  A hound zombie (Ossuary)
  4 gnolls (D:3)
  9 adders
  An adder zombie (Ossuary)
  2 ribbon worms
  3 dart slugs
  9 orcs
  6 ball pythons
  4 bats
  11 endoplasms
  5 giant cockroaches
  2 gnoll zombies (Ossuary)
  11 hobgoblins
  16 jackals
  2 quokkas
  4 frilled lizards
  4 goblins
  A hobgoblin zombie (Ossuary)
  A jackal zombie (Ossuary)
  17 kobolds
  2 kobold zombies (Ossuary)
  An orc zombie (Ossuary)
  6 rats
  A rat zombie (Ossuary)
143 creatures vanquished.

Notes
Turn   | Place    | Note
-------+----------+-------------------------------------------
     0 | D:1      | Gottschkopf the Draconian Shapeshifter began the quest for
                  | the Orb.
     0 | D:1      | Reached XP level 1. HP: 16/16 MP: 1/1
    90 | D:1      | Reached XP level 2. HP: 19/23 MP: 2/2
   336 | D:1      | Reached XP level 3. HP: 13/29 MP: 3/3
   839 | D:1      | Reached skill level 2 in Fighting
  1206 | D:2      | Reached XP level 4. HP: 36/36 MP: 4/4
  1611 | D:2      | Found a shimmering altar of Xom.
  2030 | D:3      | Identified the +9 shortbow "Boupn" {elec, Str+4}
  2541 | D:3      | Found Yheuf's Antique Armour Shop.
  2575 | D:3      | Reached XP level 5. HP: 42/42 MP: 5/5
  3030 | D:4      | Reached skill level 3 in Fighting
  3044 | D:4      | Found a sand-covered staircase.
  3062 | Ossuary  | Entered an ossuary
  3113 | Ossuary  | Reached skill level 4 in Fighting
  3113 | Ossuary  | Reached XP level 6. HP: 48/53 MP: 6/6
  3192 | Ossuary  | Reached skill level 5 in Fighting
  3392 | D:3      | Bought a pair of fine gloves for 180 gold pieces
  3392 | D:3      | Identified the +0 pair of gloves "Tiwoebb" {MP+9 Dex+3
                  | SInv} (You bought it in a shop on level 3 of the Dungeon)
  3520 | D:4      | Noticed Eustachio
  3552 | D:4      | Found an ancient bone altar of Kikubaaqudgha.
  3748 | D:4      | Reached skill level 6 in Fighting
  3846 | D:4      | Identified the +0 robe of Paesidou {rPois}
  3849 | D:4      | Your scales start taking on a dull iron-grey colour.
  3849 | D:4      | Reached XP level 7. HP: 54/64 MP: 7/7
  3869 | D:4      | Found a staircase to the Ecumenical Temple.
  3878 | Temple   | Entered the Ecumenical Temple
  3892 | Temple   | Became a worshipper of Cheibriados the Contemplative
  3981 | D:4      | Killed Eustachio
  3982 | D:4      | Reached skill level 7 in Fighting
  4272 | D:5      | Entered Level 5 of the Dungeon
  4531 | D:5      | Found a basalt altar of Yredelemnul.
  4591 | D:5      | Found a hazy altar of Hepliaklqana.
  4631 | D:5      | Reached skill level 8 in Fighting
  4973 | D:5      | Found an ornate altar of the Wu Jian Council.
  5069 | D:6      | Reached * piety under Cheibriados
  5086 | D:6      | Reached XP level 8. HP: 66/74 MP: 8/8
  5318 | D:6      | Slain by a phantom

Illustrated notes

Levels and vault maps discovered:
D:1:      lemuel_arrival_tunnels, layout_loops_ring, serial_bayou_pond_d,
          minmay_octomino_c4
D:2:      layout_basic, basic_altar
D:3:      minmay_inner_zag, layout_basic, serial_shops, shop, solitary_fountain,
          st_stairs_1
D:4:      layout_basic, nicolae_kikubaaqudgha_miasma_corner,
          minmay_temple_entry_sparse_star, nicolae_ossuary_entry_ruins,
          uniq_eustachio
D:5:      layout_basic, mainiacjoe_overflow_boulevard,
          mainiacjoe_overflow_six_doors_small, nicolae_wu_jian_glorious_leap,
          minmay_misc_feat_x, minmay_misc_feat_diagonals,
          serial_library_hellmonk_recessed_alcove
D:6:      layout_basic, zin_treasury
Temple:   nicolae_temple_colour_theory

Skill      XL: |  1  2  3  4  5  6  7 |
---------------+----------------------+-----
Dodging        | 2 |  2.9
Fighting       | 2 4 6 8 |  8.5
Unarmed Combat | 4 |  4.6
Shapeshifting  | 4 |  4.4

Action                     |  1- 3 |  4- 6 |  7- 9 || total
---------------------------+-------+-------+-------++-------
  Melee: Unarmed           |   121 |   235 |   160 ||   516
         Tailslap          |    15 |    34 |    20 ||    69
         Punch             |     1 |     6 |     4 ||    11
   Stab: Sleeping          |     1 |     1 |     4 ||     6
 Armour: Skin              |    63 |    99 |    96 ||   258
  Dodge: Dodged            |    88 |   177 |   203 ||   468
   Form: Beast             |     2 |     1 |       ||     3
                           |     1 |     1 |       ||     2
